 Dungeon Crawl Stone Soup version 0.29.0-4-gdea44cf6ec (webtiles) character file.

Game seed: 17129169120445845299

38 nabru the Chopper (level 3, -3/34 HPs)
             Began as a Hill Orc Berserker on Aug 26, 2022.
             Was a Follower of Trog.
             Slain by a gnoll
             ... wielding a +0 halberd
              (9 damage)
             ... on level 2 of the Dungeon.
             The game lasted 00:02:22 (252 turns).

nabru the Chopper (Hill Orc Berserker)               Turns: 252, Time: 00:02:23

Health: -3/34      AC:  5    Str: 21    XL:     3   Next: 43%
Magic:  3/3        EV: 11    Int:  7    God:    Trog [*.....]
Gold:   27         SH:  0    Dex: 10    Spells: 2/2 levels left

rFire   . . .      SeeInvis .   a - +0 hand axe
rCold   . . .      Faith    .   (no shield)
rNeg    . . .      Spirit   .   c - +0 ring mail
rPois   .          Reflect  .   (no helmet)
rElec   .          Harm     .   (no cloak)
rCorr   .          Rampage  .   (no gloves)
Will    .....                   (no boots)
Stlth   ..........              (no amulet)
HPRegen 0.11/turn               (no ring)
MPRegen 0.08/turn               (no ring)

@: on berserk cooldown, slowed, very slow
A: no striking features
a: Renounce Religion, Berserk


You were on level 2 of the Dungeon.
You worshipped Trog.
Trog was aware of your devotion.
You visited 1 branch of the dungeon, and saw 2 of its levels.

You collected 27 gold pieces.

Inventory:

Hand Weapons
 a - a +0 hand axe (weapon)
Armour
 b - a +0 animal skin
 c - a +0 ring mail (worn)


   Skills:
 + Level 4.3 Fighting
 + Level 4.7 Axes
 + Level 2.6 Armour
 + Level 1.7 Dodging


You had 2 spell levels left.
You didn't know any spells.
Your spell library was empty.

Dungeon Overview and Level Annotations

Branches:
Dungeon (2/15)

Altars:


Message History

Unknown command.
A gnoll comes into view. It is wielding a +0 whip.
The gnoll throws a throwing net.
The throwing net closely misses you.
A red film seems to cover your vision as you go berserk!
You feel yourself moving faster!
You feel mighty! The gnoll hits you with a +0 whip.
You hit the gnoll but do no damage. The gnoll closely misses you.
You slash the gnoll!
The gnoll is heavily wounded.
You closely miss the gnoll.
The gnoll is heavily wounded.
The gnoll hits you with a +0 whip.
A gnoll comes into view. It is wielding a +0 halberd.
The gnoll shouts!
You slash the gnoll!
You kill the gnoll!
Trog accepts your kill.
You hear a shout! x2
The gnoll hits you from afar with a +0 halberd.
You see here a +0 whip. 2 gnolls come into view.
You feel a strong urge to attack something.
The gnoll shouts! x2
You feel your anger nearly subside.
You are no longer berserk.
You are exhausted.
You feel yourself slow down. The gnoll hits you with a +0 halberd.
The gnoll hits you from afar with a +0 spear.
Unknown command.
You feel better. The gnoll hits you with a +0 halberd!
The gnoll hits you from afar with a +0 spear.
The gnoll barely misses you.
An adder comes into view.
The gnoll hits you from afar with a +0 spear!
* * * LOW HITPOINT WARNING * * *
The gnoll misses you. The gnoll hits you with a +0 halberd.
* * * LOW HITPOINT WARNING * * *
The adder hisses angrily.
The gnoll hits you from afar with a +0 halberd!
You die...

... #.###....... ...
#.....#..... #S#
##..........
###.#######....#......
##...##.......#.#.##..#
##...gg.....#..#......##
#.....g)....†.##........
#...........(..#........
#......@................
##........#########.#...
##...##..# #.#...
#######.# #.#... #.#
#.#... #.+ #.#... #.#
#... #.# #.## #.# ..


You could see 3 gnolls and an adder.

Vanquished Creatures
  2 gnolls
  An adder (D:2)
  An endoplasm (D:2)
  2 giant cockroaches
  A quokka (D:2)
  2 ball pythons
  2 bats (D:2)
11 creatures vanquished.

Notes
Turn   | Place    | Note
-------+----------+-------------------------------------------
     0 | D:1      | nabru the Hill Orc Berserker began the quest for the Orb.
     0 | D:1      | Reached XP level 1. HP: 19/19 MP: 1/1
    33 | D:1      | Reached XP level 2. HP: 27/27 MP: 2/2
   168 | D:2      | Reached XP level 3. HP: 32/33 MP: 3/3
   252 | D:2      | Slain by a gnoll

Illustrated notes

Levels and vault maps discovered:
D:1:      minmay_arrival_diagonal_passages, layout_loops_cross,
          hangedman_decor_points, minmay_misc_feat_diagonals
D:2:      layout_rooms, hellmonk_ecumenical_altar_inner_sanctum, basic_altar,
          minmay_octomino_e4

Skill      XL: |  1  2 |
---------------+-------+-----
Fighting       | 4 |  4.3
Axes           | |  4.7
Armour         | |  2.6
Dodging        | |  1.7

Action                   || total
-------------------------++-------
Melee: Hand axe          ||    44
Invok: Berserk           ||     3
  Use: Scroll            ||     1
       Potion            ||     1
Armor: Ring mail         ||    19
Dodge: Dodged            ||    50
